 Dungeon Crawl Stone Soup version 0.19-a0-1260-gc94d3f7 (webtiles) character file.

44 Gorice the Sneak (level 3, 0/19 HPs)
             Began as a Kobold Enchanter on Aug 28, 2016.
             Slain by a quokka (1 damage)
             ... on level 2 of the Dungeon.
             The game lasted 00:05:05 (1712 turns).

Gorice the Sneak (Kobold Enchanter)                 Turns: 1712, Time: 00:05:05

Health: 0/19       AC:  3    Str:  6    XL:     3   Next: 85%
Magic:  0/6        EV: 15    Int: 14    God:
Gold:   59         SH:  0    Dex: 16    Spells: 2 memorised, 2 levels left

rFire  . . .     SeeInvis .     a - +1 dagger
rCold  . . .     Gourm    .     b - +1 robe
rNeg   . . .     Faith    .     (shield restricted)
rPois  .         Spirit   .     (no helmet)
rElec  .         Dismiss  .     (no cloak)
rCorr  .         Reflect  .     (no gloves)
MR     .....     Harm     .     (no boots)
Stlth  +++.......               (no amulet)
                                (no ring)
                                (no ring)

@: very slightly contaminated
A: carnivore 3
a: no special abilities


You were on level 2 of the Dungeon.
You were very full.

You visited 1 branch of the dungeon, and saw 2 of its levels.

You collected 59 gold pieces.

Inventory:

Hand Weapons
 a - a +1 dagger (weapon)
 j - a +0 short sword
Missiles
 Z - 50 stones (quivered)
Armour
 b - a +1 robe (worn)
 f - a +0 scale mail
Scrolls
 i - a scroll of identify {unknown}
Potions
 e - a potion of degeneration {unknown}
 g - a potion of cure mutation {unknown}
Books
 c - a book of Maledictions
Comestibles
 d - a meat ration {!e}


   Skills:
 + Level 3.6 Short Blades
 - Level 2.4 Dodging
 - Level 4.0 Stealth
 - Level 2.0 Spellcasting
 + Level 3.5 Hexes


You had 2 spell levels left.
You knew the following spells:

 Your Spells              Type           Power        Failure   Level  Hunger
a - Corona                Hex            ##.....      6%          1    ##.....
b - Confuse               Hex            ##......     17%         3    ####...


Dungeon Overview and Level Annotations

Branches:
Dungeon (2/15)

Altars:

Annotations:
D:2 Terence


Innate Abilities, Weirdness & Mutations

You are small and have problems with some larger weapons.
You are carnivorous and can eat meat at any time.


Message History

Aiming: Corona
Press: ? - help, Shift-Dir - straight line, f - quokka
Aim: a quokka (chance to defeat MR: 82%)
The quokka is outlined in light.
The quokka bites you.
* * * LOW HITPOINT WARNING * * *
The quokka closely misses you.
Damage: 3 (max 3)
You hit the quokka.
The quokka is moderately wounded.
The quokka bites you.
* * * LOW HITPOINT WARNING * * *
Damage: 5 (max 5)
You hit the quokka.
The quokka is heavily wounded.
The quokka bites you.
* * * LOW HITPOINT WARNING * * *
Damage: 3 (max 5)
You hit the quokka but do no damage.
The quokka is heavily wounded.
The quokka twitches its whiskers.
The quokka bites you but does no damage.
You hit the quokka but do no damage.
The quokka is heavily wounded.
The quokka barely misses you.
You hit the quokka but do no damage.
The quokka is heavily wounded.
The quokka misses you.
You hit the quokka but do no damage.
The quokka is heavily wounded.
The quokka misses you.
Casting: Corona
Confirm with . or Enter, or press ? or * to list all spells.
Aiming: Confuse
Press: ? - help, Shift-Dir - straight line, f/p - quokka
Aim: a quokka (heavily wounded, softly glowing, chance to defeat MR: 80%)
You miscast Confuse.
You are very lightly contaminated with residual magic.
Strange energies run through your body. The quokka misses you.
You hit the quokka.
The quokka is almost dead.
The quokka bites you.
* * * LOW HITPOINT WARNING * * *
Damage: 1 (max 5)
You hit the quokka but do no damage.
The quokka is almost dead.
The quokka closely misses you.
You hit the quokka but do no damage.
The quokka is almost dead.
The quokka bites you.
You die...

..............###.......#
..####...#..............#
..# #........###....(..#
..# ##..#.##.# #########
..# #..#.##.# ### .##
#.......# .. .#
##.......# .# ## .#
##...#.######.#...#. ..
.........#.?r@.......
...$........##.#...#.
..........#.# .# ##
##.#......#.# ..
.........##.# ###
##.##.##.##.# .. #.
#.##.# #. h....# .h ##


You could see a quokka.

Vanquished Creatures
  An ooze (D:1)
  A worm (D:2)
  A giant gecko (D:1)
  6 hobgoblins
  7 jackals
  3 bats (D:1)
  2 goblins (D:1)
  7 kobolds
  6 rats
34 creatures vanquished.

Notes
Turn   | Place    | Note
-------+----------+-------------------------------------------
     0 | D:1      | Gorice the Kobold Enchanter began the quest for the Orb.
     0 | D:1      | Reached XP level 1. HP: 10/10 MP: 3/3
   246 | D:1      | Reached skill level 2 in Short Blades
   280 | D:1      | Reached XP level 2. HP: 14/15 MP: 5/5
   891 | D:1      | Reached skill level 3 in Short Blades
   903 | D:1      | Reached XP level 3. HP: 12/19 MP: 2/6
  1250 | D:1      | Learned a level 3 spell: Confuse
  1640 | D:2      | Noticed Terence
  1703 | D:2      | HP: 4/19 [quokka (5)]
  1704 | D:2      | HP: 1/19 [quokka (3)]
  1710 | D:2      | HP: 1/19 [quokka (1)]
  1712 | D:2      | Slain by a quokka

Vault maps used:
D:1:      dpeg_arrival_solitude
D:2:      first_bread, uniq_terence

Skill      XL: |  1  2 |
---------------+-------+-----
Short Blades   | 2 3 |  3.6
Dodging        | |  2.4
Stealth        | |  4.0
Spellcasting   | |  2.0
Hexes          | |  3.5

Action                   || total
-------------------------++-------
Melee: Dagger            ||   140
Throw: Stone             ||     4
 Cast: Corona            ||    34
       Confuse           ||     1
 Stab: Sleeping          ||     7
       Confused          ||     1
  Eat: Chunk             ||    11
Armor: Robe              ||    19
Dodge: Dodged            ||    97

Table legend:
 A = Turns spent in this place as a percentage of turns spent in the entire game.
 B = Non-inter-level travel turns spent in this place as a percentage of non-inter-level travel turns spent in the entire game.
 C = Inter-level travel turns spent in this place as a percentage of turns spent in this place.
 D = Turns resting spent in this place as a percentage of non-inter-level travel turns spent in this place.
 E = Turns spent auto-exploring this place as a percentage of non-inter-level travel turns spent in this place.
 F = Non-inter-level travel turns spent in this place divided by the number of levels of this place that you've seen.
                   A       B       C       D       E      F
               +-------+-------+-------+-------+-------+----------------------
         Total | 100.0 | 100.0 |   0.2 |   3.4 |   7.4 | 251.5
       Dungeon | 100.0 | 100.0 |   0.2 |   3.4 |   7.4 | 251.5
               +-------+-------+-------+-------+-------+----------------------

Vault maps used:
D:1:      dpeg_arrival_solitude
D:2:      first_bread, uniq_terence
